 Dungeon Crawl Stone Soup version 0.28-a0-804-g60983d4ba9 (webtiles) character file.

Game seed: 8226275240675480993

226 vurker the Gusty (level 6, -3/39 HPs)
             Began as an Octopode Air Elementalist on Nov 7, 2021.
             Slain by a black bear (4 damage)
             ... on level 4 of the Dungeon.
             The game lasted 00:03:57 (3707 turns).

vurker the Gusty (Octopode Air Elementalist)        Turns: 3707, Time: 00:03:57

Health: -3/39      AC:  1    Str:  7    XL:     6   Next: 1%
Magic:  5/11       EV: 13    Int: 20    God:
Gold:   137        SH:  0    Dex: 12    Spells: 7/12 levels left

rFire   . . .      SeeInvis .   j - +2 short sword (venom)
rCold   . . .      Faith    .   (no shield)
rNeg    . . .      Spirit   .   (helmet restricted)
rPois   .          Reflect  .   (no amulet)
rElec   .          Harm     .   (no ring)
rCorr   .          Rampage  .   (no ring)
Will    .....                   (no ring)
Stlth   +++.......              (no ring)
HPRegen 0.13/turn               (no ring)
MPRegen 0.12/turn               (no ring)
                                (no ring)
                                (no ring)

@: no status effects
A: almost no armour, amphibious, 8 rings, camouflage 1, gelatinous body 1,
(nimble swimmer 1), tentacles
a: no special abilities


You were on level 4 of the Dungeon.
You visited 1 branch of the dungeon, and saw 4 of its levels.

You collected 137 gold pieces.

Inventory:

Hand Weapons
 j - a +2 short sword of venom (weapon)
   (You took it off a kobold on level 4 of the Dungeon)
Scrolls
 a - a scroll of blinking {unknown}
 b - a scroll of holy word {unknown}
 c - 2 scrolls of amnesia {unknown}
 g - a scroll of magic mapping {unknown}
 h - a scroll of noise {unknown}
 i - a scroll of teleportation {unknown}
Potions
 d - 2 potions of heal wounds
 e - a potion of mutation
 f - a potion of haste
 k - a potion of flight {unknown}


   Skills:
 + Level 1.9 Fighting
 - Level 2.0 Dodging
 - Level 2.6 Stealth
 * Level 3.6 Spellcasting
 + Level 2.3 Conjurations
 * Level 4.4 Air Magic


You had 7 spell levels left.
You knew the following spells:

 Your Spells              Type           Power      Damage    Failure   Level
a - Shock                 Conj/Air       68%        1d7       3%          1
c - Airstrike             Air            10%        N/A       22%         4

Your spell library contained the following spells:

 Spells                   Type           Power      Damage    Failure   Level
 Static Discharge         Conj/Air       17%        N/A       4%          2
 Swiftness                Air            21%        N/A       6%          3
 Corpse Rot               Necr/Air       24%        N/A       9%          2
 Dispel Undead            Necr           3%         3d7       80%         4
 Death Channel            Necr           1%         N/A       100%        6


Dungeon Overview and Level Annotations

Branches:
Dungeon (4/15)
 Temple: D:4-7

Altars:

Shops:
D:1 (   D:4 (


Innate Abilities, Weirdness & Mutations

You cannot wear most types of armour.
You are amphibious.
You can wear up to eight rings at the same time.
Your skin changes colour to match your surroundings (Stealth+).
Your rubbery body absorbs attacks. (AC +1, EV +1)
((You are camouflaged near water. (Stealth+)))
You have tentacles for arms and can constrict up to eight enemies at once.


Message History

The orc wizard hits you with a +0 dagger.
You barely miss the orc wizard. Your grab misses the orc wizard.
The orc wizard barely misses you.
You hit the orc wizard but do no damage.
The orc wizard is poisoned.
You grab the orc wizard.
You constrict the orc wizard, but do no damage.
The orc wizard closely misses you.
You hit the orc wizard.
The orc wizard looks even sicker.
You constrict the orc wizard, but do no damage.
The orc wizard hits you but does no damage.
You hit the orc wizard.
The orc wizard looks as sick as possible!
You squeeze the orc wizard. You constrict the orc wizard.
You kill the orc wizard!
You have reached level 6!
Your experience leads to an increase in your attributes!
Increase (S)trength, (I)ntelligence, or (D)exterity?
You feel clever.
You open the door.
A black bear comes into view.
There is an open door here.
A black bear is nearby!
Aim: a black bear (asleep, 100% to hit)
The zap hits the black bear.
The black bear growls angrily.
You hear a shout!
Aim: a black bear (lightly wounded, 79% to hit)
The zap misses the black bear.
Aim: a black bear (lightly wounded, 79% to hit)
The zap hits the black bear.
There is an open door here.
Aim: a black bear (moderately wounded, 79% to hit)
The zap hits the black bear. x2; The black bear bites you.
The black bear claws you. x2
Aim: a black bear (heavily wounded, 79% to hit)
The zap hits the black bear. x2; The black bear goes berserk!
Aim: a black bear (severely wounded, berserk, 79% to hit)
The zap hits the black bear. x2; The black bear bites you.
The black bear claws you.
* * * LOW HITPOINT WARNING * * *
The black bear closely misses you.
Aim: a black bear (almost dead, berserk, 79% to hit)
The zap hits the black bear!
The zap misses the black bear.
The black bear bites you.
* * * LOW HITPOINT WARNING * * *
The black bear claws you.
* * * LOW HITPOINT WARNING * * *
The black bear barely misses you. The black bear bites you!
* * * LOW HITPOINT WARNING * * *
The black bear claws you.
You die...

...# ... #.. ###.. #
.... # #..## ###
#h..# ..# ##@##
#.##.. ##...## ......
##.....## ......
##...8...## #......#
##..)≈§§§..# ##.....
##...≈≈8§§...#
####.##...≈≈...≈≈...#
##...≈≈.....≈§...
#...§≈...)..§≈§§§


You could see a black bear (berserk).

Vanquished Creatures
  A phantom (D:4)
  An orc wizard (D:4)
  Robin (D:2)
  4 gnolls (D:3)
  2 adders
  A dart slug (D:2)
  3 orcs
  3 bats
  3 endoplasms
  7 giant cockroaches
  8 goblins
  5 hobgoblins
  8 ball pythons
  A frilled lizard (D:1)
  4 kobolds
  6 rats
58 creatures vanquished.

Notes
Turn   | Place    | Note
-------+----------+-------------------------------------------
     0 | D:1      | vurker the Octopode Air Elementalist began the quest for
                  | the Orb.
     0 | D:1      | Reached XP level 1. HP: 11/11 MP: 3/3
    72 | D:1      | Found Pourhaho's Antique Weapon Emporium.
   185 | D:1      | Found a faded altar of an unknown god.
   482 | D:1      | Reached XP level 2. HP: 18/18 MP: 0/5
  1047 | D:2      | Noticed Robin
  1094 | D:2      | Killed Robin
  1095 | D:2      | Reached XP level 3. HP: 22/22 MP: 1/6
  1138 | D:2      | Reached skill level 1 in Fighting
  1771 | D:2      | Reached XP level 4. HP: 11/28 MP: 1/8
  2625 | D:3      | Reached skill level 4 in Air Magic
  2710 | D:3      | Reached XP level 5. HP: 33/33 MP: 3/9
  2715 | D:3      | Learned a level 4 spell: Airstrike
  3205 | D:4      | Noticed a phantom
  3379 | D:4      | Found Cionuiha's Weapon Emporium.
  3437 | D:4      | Noticed a phantom
  3456 | D:4      | Killed a phantom
  3645 | D:4      | Reached XP level 6. HP: 32/39 MP: 11/11
  3698 | D:4      | Noticed a black bear
  3707 | D:4      | HP: 1/39 [black bear (7)]
  3707 | D:4      | Slain by a black bear

Illustrated notes

Levels and vault maps discovered:
D:1:      lemuel_arrival_broad_hall, layout_loops_corners, serial_shops,
          shop_statue, hellmonk_ecumenical_altar_run_dry
D:2:      layout_rooms, uniq_robin
D:3:      layout_loops_ring, serial_aquarium, aquarium_bridge_square
          [aquarium_subvault_bridge, aquarium_subvault_window,
          aquarium_subvault_bridge, aquarium_subvault_wall], aquarium_window_1,
          aquarium_window_1, aquarium_view_2d, aquarium_balcony_3b
D:4:      layout_rooms, serial_shops, shop, kennysheep_diamond,
          palyth_stone_intersect, minmay_hollow_rounded_squares

Skill      XL: |  1  2  3  4 |
---------------+-------------+-----
Fighting       | 1 |  1.9
Spellcasting   | 3 |  3.6
Air Magic      | 4 |  4.4
Conjurations   | 2 |  2.3
Dodging        | |  2.0
Stealth        | |  2.6

Action                   |  1- 3 |  4- 6 || total
-------------------------+-------+-------++-------
Melee: Unarmed           |    15 |     3 ||    18
       Tentacles         |     4 |     1 ||     5
       Constrict         |     3 |     2 ||     5
       Short sword       |       |     6 ||     6
 Cast: Shock             |    54 |    59 ||   113
  Use: Scroll            |       |     3 ||     3
 Stab: Sleeping          |       |     1 ||     1
Armor: Skin              |     1 |     1 ||     2
Dodge: Dodged            |    18 |    13 ||    31

Table legend: (Time is in decaauts)
 A = Elapsed time spent in this place.
 B = Non-inter-level travel time spent in this place.
 C = Inter-level travel time spent in this place.
 D = Time resting spent in this place.
 E = Time spent auto-exploring this place.
 F = Levels seen in this place.
 G = Mean time per level.
                   A        B        C        D        E       F      G
               +--------+--------+--------+--------+--------+-----+--------+
         Total |   3709 |   3539 |    170 |     72 |   3027 |   4 |  927.2 |
       Dungeon |   3709 |   3539 |    170 |     72 |   3027 |   4 |  927.2 |
               +--------+--------+--------+--------+--------+-----+--------+

Top non-repeatable levels by time:
     D:2: 1273 daAuts
     D:3: 1064 daAuts
     D:1: 877 daAuts
     D:4: 494 daAuts
